 Dungeon Crawl Stone Soup version 0.23.2 (webtiles) character file.

Game seed: 1346286515312444381

40 Kairos the Skirmisher (level 3, -3/30 HPs)
             Began as a Formicid Abyssal Knight on Apr 9, 2019.
             Was a Follower of Lugonu.
             Slain by a worm (10 damage)
             ... on level 2 of the Dungeon.
             The game lasted 00:01:54 (1078 turns).

Kairos the Skirmisher (Formicid Abyssal Knight)     Turns: 1078, Time: 00:01:55

Health: -3/30      AC:  5    Str: 17    XL:     3   Next: 72%
Magic:  4/4        EV: 10    Int: 11    God:    Lugonu [*.....]
Gold:   57         SH:  0    Dex: 10    Spells: 2/2 levels left

rFire    . . .     SeeInvis +   d - +2 hand axe (freeze)
rCold    . . .     Gourm    .   (no shield)
rNeg     + . .     Faith    .   j - +0 ring mail
rPois    .         Spirit   .   (helmet unavailable)
rElec    .         Reflect  .   (no cloak)
rCorr    .         Harm     .   (no gloves)
MR       .....                  (no boots)
Stlth    ..........             (no amulet)
HPRegen  0.10/turn              h - ring of positive energy
MPRegen  0.09/turn              (no ring)

@: no status effects
A: permanent stasis, dig shafts and tunnels, four strong arms, antennae 3
a: Dig, Shaft Self, Depart the Abyss, Renounce Religion


You were on level 2 of the Dungeon.
You worshipped Lugonu.
Lugonu was aware of your devotion.
You were hungry.

You visited 1 branch of the dungeon, and saw 2 of its levels.
You visited the Abyss 1 time.

You collected 57 gold pieces.

Inventory:

Hand Weapons
 a - a +1 spear
 d - a +2 hand axe of freezing (weapon)
Armour
 b - a +0 leather armour
 j - a +0 ring mail (worn)
Jewellery
 h - a ring of positive energy (left hand)
Potions
 e - a potion of might
 f - a potion of lignification
Comestibles
 c - 3 rations


   Skills:
 + Level 3.8 Fighting
 + Level 1.1(1.9) Axes
 + Level 2.3(2.4) Polearms
 + Level 2.7 Armour
 + Level 1.0 Dodging
 + Level 2.3 Invocations


You had 2 spell levels left.
You didn't know any spells.
Your spell library was empty.

Dungeon Overview and Level Annotations

Branches:
Dungeon (2/15)

Altars:


Innate Abilities, Weirdness & Mutations

You cannot be hasted, slowed, berserked, paralysed or teleported.
You can dig through walls and to a lower floor.
Your four strong arms can wield two-handed weapons with a shield.
You have a pair of large antennae on your head. (SInv)


Message History

A worm is nearby!
You are too injured to fight recklessly!
Unknown command.
Unknown command.
A worm is nearby!
You are too injured to fight recklessly!
A worm is nearby!
You are too injured to fight recklessly!
Unknown command.
You are too injured to fight recklessly!
A worm is nearby!
You barely miss the worm. You slash the worm! You freeze the worm.
The worm is heavily wounded.
The worm bites you!
* * * LOW HITPOINT WARNING * * *
You barely miss the worm.
The worm is moderately wounded.
The worm bites you!
You die...

#. #. ##.## ...####
## #.....# #.
#...#.###.##.###
##.w....##.##..). .
#..@.# #.##..####.
#.#.## #.##....... #
#.# #........## #.#
#....(.....
#.######.###....#.
#........##.....#.
###...............
.............#.##(.
#.###.........#.##..


You could see a worm.

Vanquished Creatures
  An ooze (D:1)
  3 dart slugs (D:1)
  4 giant cockroaches (D:1)
  7 hobgoblins (D:1)
  6 kobolds
  2 bats (D:1)
  5 rats
28 creatures vanquished.

Notes
Turn   | Place    | Note
-------+----------+-------------------------------------------
     0 | Abyss:1  | Kairos the Formicid Abyssal Knight began the quest for the
                  | Orb.
     0 | Abyss:1  | Reached XP level 1. HP: 18/18 MP: 2/2
    35 | Abyss:2  | Found a corrupted altar of Lugonu.
    52 | Abyss:2  | Noticed a starcursed mass
    59 | Abyss:2  | Noticed a neqoxec
    60 | D:1      | Escaped the Abyss
   315 | D:1      | Reached XP level 2. HP: 16/24 MP: 3/3
   548 | D:1      | Reached skill level 1 in Axes
   573 | D:1      | Reached XP level 3. HP: 27/30 MP: 4/4
   581 | D:1      | Reached * piety under Lugonu
   600 | D:1      | Reached skill level 1 in Dodging
  1078 | D:2      | Slain by a worm

Skill      XL: |  1  2  3 |
---------------+----------+-----
Axes           | 1 |  1.1
Dodging        | 1 |  1.0
Fighting       | |  3.8
Polearms       | |  2.3
Armour         | |  2.7
Invocations    | |  2.3

Action                   || total
-------------------------++-------
Melee: Hand axe          ||    70
Invok: Depart the Abyss  ||     1
  Use: Scroll            ||     5
       Potion            ||     3
Armor: Leather armour    ||    16
       Ring mail         ||     8
Dodge: Dodged            ||    39
